 Dungeon Crawl Stone Soup version 0.30.1-3-gfc49f6343a (webtiles) character file.

Game seed: 14636893690758238046

11 Peloso the Shield-Bearer (level 2, 27/27 HPs)
             Began as a Minotaur Fighter on Aug 7, 2023.
             Got out of the dungeon alive.
             The game lasted 00:00:55 (964 turns).

Peloso the Shield-Bearer (Minotaur Fighter)          Turns: 964, Time: 00:00:56

Health: 27/27      AC:  8    Str: 20    XL:     2   Next: 13%
Magic:  0/0        EV:  9    Int:  5    God:
Gold:   50         SH:  4    Dex:  9    Spells: 1/1 levels left

rFire   . . .        a - +0 long sword
rCold   . . .        d - +0 buckler
rNeg    . . .        b - +0 scale mail
rPois   .            (helmet unavailable)
rElec   .            c - +0 cloak
rCorr   .            (no gloves)
SInv    .            (no boots)
Will    .....        (no amulet) Stlth
                     (no ring)
HPRegen 1.04/turn    (no ring)
MPRegen 0.07/turn

%: clarity
@: no status effects
A: horns 3, retaliatory headbutt, clarity, low MP 1, regeneration 1
a: no special abilities


You escaped.
You visited 1 branch of the dungeon, and saw 1 of its levels.

You collected 50 gold pieces.

Inventory:

Hand Weapons
 a - a +0 long sword (weapon)
Armour
 b - a +0 scale mail (worn)
 c - a +0 cloak (worn)
 d - a +0 buckler (worn)
Scrolls
 e - a scroll of blinking {unknown}
 f - a scroll of enchant weapon {unknown}
 h - 3 scrolls of teleportation {unknown}
 j - a scroll of amnesia {unknown}
Potions
 g - 2 potions of might


   Skills:
 + Level 3.8 Fighting
 + Level 2.7 Long Blades
 + Level 3.8 Armour
 + Level 3.8 Shields


You had one spell level left.
You didn't know any spells.
Your spell library was empty.

Dungeon Overview and Level Annotations

Branches:
Dungeon (1/15)

Altars:


Innate Abilities, Weirdness & Mutations

You have a pair of large horns on your head.
You reflexively headbutt those who attack you in melee.
You possess an exceptional clarity of mind.
Your magical capacity is low. (-10% MP)
Your natural rate of healing is unusually fast.


Message History

You block the frilled lizard's attack.
You slash the frilled lizard!
You kill the frilled lizard!
You see here a frilled lizard corpse.
You open the door.
You see here a frilled lizard corpse.
There is an open door here.
h - 2 scrolls labelled URA YDGHOMNYOR (gained 1)
h - 3 scrolls labelled URA YDGHOMNYOR (gained 1)
Found a whip.
Found an escape hatch in the floor.
Found an escape hatch in the floor.
There is an escape hatch in the floor here.
You see here a +0 whip.
Found an escape hatch in the floor.
You see here a +0 whip.
You see here a +0 dagger.
You enter the shallow water.
Moving in this stuff is going to be slow.
You enter the shallow water.
Moving in this stuff is going to be slow.
Things that are here:
a +0 dagger; 4 stones
Found a flail.
You see here a +0 club.
Key pressed, stopping explore.
There is an open door here.
Done exploring.
Done exploring.
Done exploring.
Done exploring.
Done exploring.
It was a potion of mutation.
You feel extremely strange.
You feel less energetic.
You begin to heal more quickly.
Your thoughts seem clearer.
The horns on your head grow some more.
(D) Dungeon
Where to? (? - help)
What level of the Dungeon? (default 1, ? - help)
There is a staircase leading out of the dungeon here.
Are you sure you want to leave the Dungeon?
This will make you lose the game!
You have escaped!

#..# ####.#######...
#..#########............#)
#....................####.
#...#.#####.#####.#..# #.
#...#.#...#.#...#.#..# #.
#...###.###.###.###.#####'
#......>#.....#>....# #...
#...###.###.###.###.# #...
#...#.#..@#.#...#.#.###...
##..#.#####.#####.#...#...
#..#.....)>......#.#.....
#..###.#######.###...#...
#....#.#.....#.#...#####.
##.###.###.###.###.# ##
#.#..>..#.#..>..#.#
#.#.###.#.#.###.#.# ####
#.#.#.#.#.#.#.#.#.# #...


There were no monsters in sight!

Vanquished Creatures
  A bat (D:1)
  2 goblins (D:1)
  A hobgoblin (D:1)
  2 jackals (D:1)
  A quokka (D:1)
  A frilled lizard (D:1)
  A kobold (D:1)
  A rat (D:1)
10 creatures vanquished.

Notes
Turn   | Place    | Note
-------+----------+-------------------------------------------
     0 | D:1      | Peloso the Minotaur Fighter began the quest for the Orb.
     0 | D:1      | Reached XP level 1. HP: 19/19 MP: 0/0
   309 | D:1      | Reached XP level 2. HP: 27/27 MP: 1/1
   918 | D:1      | Gained mutation: Your magical capacity is low. (-10% MP)
                  | [potion of mutation]
   918 | D:1      | Gained mutation: Your natural rate of healing is unusually
                  | fast. [potion of mutation]
   918 | D:1      | Gained mutation: You possess an exceptional clarity of
                  | mind. [potion of mutation]
   918 | D:1      | Gained mutation: You have a pair of large horns on your
                  | head. [potion of mutation]
   964 | D:$      | Got out of the dungeon alive.

Illustrated notes

Levels and vault maps discovered:
D:1:      evilmike_arrival_hilbert_curve, layout_basic,
          chequers_serial_rivers_large_b, kennysheep_nondescript

Action                     || total
---------------------------++-------
  Melee: Long sword        ||    22
         Headbutt          ||     2
    Use: Potion            ||     1
 Armour: Scale mail        ||    11
  Dodge: Dodged            ||    14
  Block: Buckler           ||     9
